 Dungeon Crawl Stone Soup version 0.30-a0-782-ge64f9170bb (webtiles) character file.

Game seed: 11165801580862928964

1773 funkygono the Firebug (level 9, -3/46 HPs)
             Began as a Gargoyle Fire Elementalist on Feb 20, 2023.
             Was an Initiate of Sif Muna.
             Slain by a wight
             ... wielding a +3 falchion
              (9 damage)
             ... on level 5 of the Dungeon.
             The game lasted 00:08:30 (6921 turns).

funkygono the Firebug (Gargoyle Fire Elementalist)  Turns: 6921, Time: 00:08:30

Health: -3/46      AC: 16    Str: 11    XL:     9   Next: 7%
Magic:  1/19       EV: 12    Int: 21    God:    Sif Muna [......]
Gold:   315        SH:  0    Dex: 10    Spells: 11/21 levels left

rFire   + . .      SeeInvis .    s - +1 whip
rCold   . . .      Faith    .    (no shield)
rNeg    + . .      Spirit   .    k - +1 robe {rF+}
rPois   ∞          Reflect  .    q - +1 helmet
rElec   +          Harm     .    (no cloak)
rCorr   .          Rampage  .    u - +0 pair of gloves
Will    .....                    (no boots)
Stlth   ++                       (no amulet)
HPRegen 0.27/turn                h - +4 ring of protection
MPRegen 0.16/turn                (no ring)

@: no status effects
A: sickness immunity, AC +6, negative energy resistance 1, electricity
resistance, torment resistance 1, petrification resistance
a: Renounce Religion


You were on level 5 of the Dungeon.
You worshipped Sif Muna.
Sif Muna was noncommittal.
You visited 2 branches of the dungeon, and saw 7 of its levels.

You collected 315 gold pieces.

Inventory:

Hand Weapons
 e - a +0 whip of freezing
 s - a +1 whip (weapon)
Missiles
 c - 4 throwing nets
Armour
 k - a +1 robe of fire resistance (worn)
 q - a +1 helmet (worn)
 u - a +0 pair of gloves (worn)
Jewellery
 h - a +4 ring of protection (left hand)
Wands
 r - a wand of acid (19)
 v - a wand of paralysis (5)
 w - a wand of flame (13)
Scrolls
 d - 5 scrolls of blinking
 p - a scroll of poison
Potions
 b - 2 potions of magic
 f - 2 potions of ambrosia
 g - a potion of attraction
 i - 3 potions of heal wounds
 j - 2 potions of cancellation
 l - 3 potions of curing
 n - a potion of flight
 o - a potion of mutation {unknown}
 x - a potion of berserk rage


   Skills:
 + Level 0.7 Fighting
 + Level 0.7 Maces & Flails
 + Level 2.3 Dodging
 - Level 2.1 Stealth
 + Level 6.9 Spellcasting
 + Level 5.1 Conjurations
 + Level 7.4 Fire Magic


You had 11 spell levels left.
You knew the following spells:

 Your Spells              Type           Power      Damage    Failure   Level
a - Foxfire               Conj/Fire      100%       2x1d9     1%          1
b - Scorch                Fire           76%        2d9       1%          2
c - Kindle Blastsparks    Fire/Tloc/Air  34%        2d12      10%         3
d - Flame Wave            Conj/Fire      33%        2d10      7%          4

Your spell library contained the following spells:

 Spells                   Type           Power      Damage    Failure   Level
 Inner Flame              Hex/Fire       23%        N/A       6%          3
 Sticky Flame             Conj/Fire      33%        2d5       7%          4
 Mephitic Cloud           Conj/Pois/Air  14%        N/A       13%         3
 Poisonous Vapours        Pois/Air       14%        N/A       14%         2
 Cigotuvi's Dreadful Rot  Necr/Pois/Air  Unusable   N/A       N/A         2

Dungeon Overview and Level Annotations

Branches:
Dungeon (6/15)             Temple (1/1) D:5

Altars:
Cheibriados
Dithmenos
Elyvilon
Fedhas
Gozag
Kikubaaqudgha
Makhleb
Nemelex Xobeh
Okawaru
Qazlal
Ru
Sif Muna
Trog
Uskayaw
Vehumet
Wu Jian
Xom
Yredelemnul
Zin
The Shining One


Innate Abilities, Weirdness & Mutations

You are immune to sickness and miasma.
Your stone body is resilient. (AC +6)
You are immune to poison.
You resist negative energy. (rN+)
You are resistant to electric shocks. (rElec)
You are resistant to unholy torment.
You are immune to petrification.


Message History

You don't have enough magic to cast this spell.
Something hits you but does no damage.
The foxfire hits the wight.
The wight is severely damaged.
The foxfire hits something.
Sif Muna accepts your kill.
Reactivating autopickup.
You feel a bit more experienced. The wight attacks as you move away!
The wight hits you with a +3 falchion.
A wight comes into view. It is wielding a +0 short sword.
You barely miss the wight.
The wight is severely damaged.
The wight barely misses you.
You barely miss the wight.
The wight is severely damaged.
The wight hits you but does no damage. The wight attacks as you move away!
The wight hits you with a +3 falchion! The wight attacks as you move away!
The wight completely misses you. The wight attacks as you move away!
The wight hits you with a +3 falchion. The wight attacks as you move away!
The wight hits you but does no damage.
There is a stone staircase leading up here.
The wight hits you with a +3 falchion!
* * * LOW HITPOINT WARNING * * *
You climb upwards.
There is a stone staircase leading down here.
Casting: Foxfire (safe; 1% risk of failure)
Confirm with . or Enter, or press ? or * to list all spells.
You conjure some foxfire!
The wight hits you but does no damage.
Casting: Foxfire (safe; 1% risk of failure)
Confirm with . or Enter, or press ? or * to list all spells.
You don't have enough magic to cast this spell.
Unknown command.
Casting: Foxfire (safe; 1% risk of failure)
Confirm with . or Enter, or press ? or * to list all spells.
You conjure some foxfire!
The foxfire hits the wight but does no damage.
The wight is severely damaged.
The foxfire hits the wight.
The wight is almost destroyed.
The wight hits you with a +3 falchion!
You die...

###.#.........#...# #.#
~##.#..⌠...⌠..#...### #.#
....................###.#
##..#.........#.....##..#
....##.##.##.##........##
#####..#.............###
.........#.....#.....#
.##########.....v...##
..### #≈# #....z@...#
..≈≈###≈###.....v...#
)#.~≈.#~≈≈.....##...#
..##~≈.#..≈~...##...#
.#.######≈≈....##...#
.##.# #≈≈≈#....######
.#.##≈≈≈######## .≈.#####
†≈≈...#


You could see a wight (ally target).

Vanquished Creatures
  Pikel (D:4)
  Sigmund (D:3)
  An ogre (D:5)
  A lemure (D:5)
  A necrophage (D:4)
  2 scorpions
  2 wights (D:6)
  A howler monkey (D:4)
  3 hounds
  4 jellies
  An orc priest (D:4)
  2 gnoll boudas
  Jessica (D:3)
  3 orc wizards
  Terence (D:3)
  2 iguanas (D:5)
  9 adders
  8 gnolls
  A shadow imp (D:5)
  3 ufetubi
  4 worms
  2 dart slugs
  12 orcs
  9 endoplasms
  2 giant cockroaches
  7 goblins
  8 hobgoblins
  7 jackals
  5 quokkas
  7 ball pythons
  7 bats
  4 frilled lizards
  5 kobolds
  3 rats
130 creatures vanquished.

Vanquished Creatures (others)
  453 foxfires
  7 plants (D:3)
460 creatures vanquished.

Grand Total: 590 creatures vanquished

Notes
Turn   | Place    | Note
-------+----------+-------------------------------------------
     0 | D:1      | funkygono the Gargoyle Fire Elementalist began the quest
                  | for the Orb.
     0 | D:1      | Reached XP level 1. HP: 10/10 MP: 3/3
   287 | D:1      | Reached XP level 2. HP: 9/15 MP: 0/5
   290 | D:1      | Learned a level 2 spell: Scorch
  1373 | D:2      | Reached XP level 3. HP: 15/19 MP: 2/6
  1424 | D:2      | Learned a level 3 spell: Kindle Blastsparks
  1610 | D:2      | Reached XP level 4. HP: 24/24 MP: 3/7
  1640 | D:2      | Reached skill level 4 in Fire Magic
  1979 | D:2      | You fall into a shaft and drop 2 floors!
  2638 | D:3      | Noticed Sigmund
  2651 | D:3      | Killed Sigmund
  2652 | D:3      | Reached XP level 5. HP: 12/28 MP: 0/10
  2652 | D:3      | Reached XP level 6. HP: 14/32 MP: 0/11
  2903 | D:3      | Reached skill level 5 in Fire Magic
  3212 | D:3      | Paralysed by a goblin for 2 turns
  3228 | D:3      | Noticed Jessica
  3237 | D:3      | Killed Jessica
  3462 | D:3      | Noticed Terence
  3471 | D:3      | Killed Terence
  3472 | D:3      | Reached XP level 7. HP: 34/36 MP: 2/12
  4676 | D:4      | Reached skill level 6 in Fire Magic
  4685 | D:4      | Learned a level 4 spell: Flame Wave
  4786 | D:4      | Reached skill level 5 in Spellcasting
  4786 | D:4      | Reached XP level 8. HP: 42/42 MP: 11/15
  5352 | D:5      | Entered Level 5 of the Dungeon
  5358 | D:5      | Found a basalt altar of Yredelemnul.
  5395 | D:5      | Noticed Pikel
  5419 | D:4      | Killed Pikel
  5420 | D:4      | Reached skill level 5 in Conjurations
  5691 | D:5      | Found a staircase to the Ecumenical Temple.
  5714 | Temple   | Entered the Ecumenical Temple
  5896 | Temple   | Became a worshipper of Sif Muna the Loreminder
  6365 | D:5      | Found a sacrificial altar of Ru.
  6867 | D:6      | Reached skill level 7 in Fire Magic
  6867 | D:6      | Reached XP level 9. HP: 37/46 MP: 12/19
  6921 | D:5      | Slain by a wight

Illustrated notes

Levels and vault maps discovered:
D:1:      nicolae_arrival_somewhat_less_tricky_arrival, layout_basic
D:2:      layout_rooms, hangedman_decor_lopped
D:3:      layout_loops_ring, serial_bayou_pond_a, dk_noncrumbling_3,
          uniq_sigmund, uniq_terence, uniq_jessica
D:4:      minmay_thinvault, layout_rooms
D:5:      layout_basic, mainiacjoe_overflow_brackets,
          mainiacjoe_overflow_concentric_impassable,
          minmay_temple_entry_large_hall, serial_rivers,
          chequers_serial_rivers_room_b, chequers_serial_rivers_room_a,
          chequers_serial_rivers_room_a, chequers_serial_rivers_micro_d,
          chequers_serial_rivers_large_b, chequers_serial_rivers_small_b,
          kennysheep_generic_room_12, uniq_pikel
D:6:      layout_basic, serial_shops, shop_coins
Temple:   dpeg_five_rooms_temple

Skill      XL: |  1  2  3  4  5  6  7  8 |
---------------+-------------------------+-----
Conjurations   | 3 4 5 |  5.1
Fire Magic     | 4 5 6 7 |  7.4
Dodging        | 2 |  2.3
Spellcasting   | 3 5 6 |  6.9
Fighting       | |  0.7
Maces & Flails | |  0.7
Stealth        | |  2.1

Action                     |  1- 3 |  4- 6 |  7- 9 || total
---------------------------+-------+-------+-------++-------
  Melee: Unarmed           |     4 |       |       ||     4
         Punch             |     1 |       |       ||     1
         Club              |       |     2 |       ||     2
         Whip              |       |    11 |     8 ||    19
   Cast: Foxfire           |    44 |    87 |   141 ||   272
         Scorch            |     3 |    15 |    30 ||    48
         Kindle Blastspark |       |       |     1 ||     1
    Use: Scroll            |       |       |    19 ||    19
 Armour: Robe              |    12 |    23 |    20 ||    55
  Dodge: Dodged            |    27 |    27 |    28 ||    82

Table legend: (Time is in decaauts)
 A = Elapsed time spent in this place.
 B = Non-inter-level travel time spent in this place.
 C = Inter-level travel time spent in this place.
 D = Time resting spent in this place.
 E = Time spent auto-exploring this place.
 F = Levels seen in this place.
 G = Mean time per level.
                   A        B        C        D        E       F      G
               +--------+--------+--------+--------+--------+-----+--------+
         Total |   6956 |   6814 |    142 |    243 |   5613 |   7 |  993.7 |
       Dungeon |   6660 |   6550 |    110 |    243 |   5364 |   6 | 1110.0 |
        Temple |    295 |    264 |     31 |      0 |    249 |   1 |  295.0 |
               +--------+--------+--------+--------+--------+-----+--------+

Top non-repeatable levels by time:
     D:4: 1549 daAuts
     D:1: 1445 daAuts
     D:3: 1434 daAuts
     D:5: 1136 daAuts
     D:2: 956 daAuts
  Temple: 295 daAuts
     D:6: 138 daAuts
